 Dungeon Crawl Stone Soup version 0.29-a0-830-gcb1280458a (webtiles) character file.

Game seed: 469361532080150334

1407 buhh the Insei (level 8, -3/57 HPs)
             Began as an Octopode Transmuter on July 11, 2022.
             Succumbed to an orc warrior's poison
             ... on level 6 of the Dungeon.
             The game lasted 00:05:56 (6278 turns).

buhh the Insei (Octopode Transmuter)                Turns: 6278, Time: 00:05:56

Health: -3/57      AC:  2    Str:  9    XL:     8   Next: 70%
Magic:  7/11       EV: 23    Int: 23    God:
Gold:   201        SH:  0    Dex: 18    Spells: 5/11 levels left

rFire   . . .      SeeInvis .     - Unarmed
rCold   . . .      Faith    .   (shield currently unavailable)
rNeg    . . .      Spirit   .   (helmet currently unavailable)
rPois   x          Reflect  .   (no amulet)
rElec   .          Harm     .   d - +6 ring of intelligence
rCorr   .          Rampage  .   (no ring)
Will    .....                   (no ring)
Stlth   ++........              (no ring)
HPRegen 0.19/turn               (no ring)
MPRegen 0.12/turn               (no ring)
                                (no ring)
                                (no ring)

@: lethally poisoned (-3 -> -58), spider-form (expiring), wereblooded
A: venomous fangs, almost no armour, (amphibious), 8 rings, tiny, (camouflage
1), (gelatinous body 1), (nimble swimmer 1), (tentacles)
a: End Transformation


You were on level 6 of the Dungeon.
You were a venomous arachnid creature.
You visited 1 branch of the dungeon, and saw 6 of its levels.

You collected 201 gold pieces.

Inventory:

Missiles
 g - 6 curare-tipped darts
 n - 6 poisoned darts
 q - 4 silver javelins
Magical Staves
 h - a staff of conjuration
Jewellery
 d - a +6 ring of intelligence (left front leg)
 y - a ring of ice
Wands
 z - a wand of polymorph (9)
 F - a wand of charming (2)
Scrolls
 b - 2 scrolls of blinking {!d}
 e - a scroll of poison
 f - 2 scrolls of fog
 j - 2 scrolls of enchant weapon
 k - a scroll of torment
 m - a scroll of noise
 u - a scroll of vulnerability {unknown}
 x - a scroll of magic mapping {unknown}
 A - a scroll of brand weapon {unknown}
Potions
 c - a potion of attraction {unknown}
 i - 4 potions of haste {unknown}
 l - a potion of ambrosia {unknown}
 o - a potion of curing {unknown}
 p - 4 potions of degeneration {unknown}
 r - 3 potions of might {unknown}
 s - a potion of resistance {!d}
 t - a potion of berserk rage {unknown}
 v - a potion of flight {unknown}
 w - a potion of heal wounds {!d}


   Skills:
 + Level 5.9 Fighting
 + Level 6.2 Dodging
 - Level 2.0 Stealth
 + Level 6.6 Unarmed Combat
 - Level 2.0 Spellcasting
 - Level 2.0 Transmutations
 - Level 1.0 Poison Magic


You had 5 spell levels left.
You knew the following spells:

 Your Spells              Type           Power      Damage    Failure   Level
a - Beastly Appendage     Tmut           22%        N/A       16%         1
b - Wereblood             Tmut           11%        N/A       22%         2
c - Spider Form           Tmut/Pois      9%         N/A       41%         3

Your spell library contained the following spells:

 Spells                   Type           Power      Damage    Failure   Level
 Slow                     Hex            8%         N/A       30%         1
 Ensorcelled Hibernation  Hex/Ice        4%         N/A       38%         2
 Sublimation of Blood     Necr           2%         N/A       38%         2
 Confusing Touch          Hex            2%         N/A       58%         3
 Vampiric Draining        Necr           2%         2d6       58%         3
 Ice Form                 Ice/Tmut       6%         N/A       82%         4
 Anguish                  Hex/Necr       1%         N/A       90%         4
 Summon Hydra             Summ           1%         N/A       100%        7


Dungeon Overview and Level Annotations

Branches:
Dungeon (6/15) Zot: 26937
 Temple: D:4-7

Altars:
Gozag
Kikubaaqudgha
Trog
Xom

Shops:
D:4 *

Annotations:
D:4 Ijyb


Innate Abilities, Weirdness & Mutations

You are a venomous arachnid creature.
You have poisonous fangs.
You are tiny and dextrous.
Your spellcasting is less reliable in this form.
Your armour is entirely melded.
You are incapable of wielding weapons or throwing items.
You cannot wear most types of armour.
((You are amphibious.))
You can wear up to eight rings at the same time.
((Your skin changes colour to match your surroundings (Stealth+).))
((Your rubbery body absorbs attacks. (AC +1, EV +1)))
((You are camouflaged when in or above water. (Stealth+)))
((You have tentacles for arms and can constrict up to eight enemies at once.))


Message History

You completely miss the orc warrior.
The orc warrior is lightly wounded.
You hit the orc warrior but do no damage.
The orc warrior is lightly wounded.
The orc warrior completely misses you.
You hit the orc warrior.
The orc warrior looks even sicker.
The orc warrior is moderately wounded.
The orc warrior barely misses you.
You hit the orc warrior but do no damage.
The orc warrior looks as sick as possible!
The orc warrior is moderately wounded.
The orc warrior misses you.
You hit the orc warrior but do no damage.
The orc warrior looks as sick as possible!
The orc warrior is moderately wounded.
Your transformation is almost over.
The orc warrior closely misses you.
You barely miss the orc warrior.
The orc warrior is heavily wounded.
The orc warrior misses you.
You hit the orc warrior.
The orc warrior looks as sick as possible!
The orc warrior is severely wounded.
You hit the orc warrior but do no damage.
The orc warrior is almost dead.
The orc warrior hits you with a +0 war axe of venom!
You hit the orc warrior.
The orc warrior looks as sick as possible!
The orc warrior is almost dead.
The orc warrior hits you with a +0 war axe of venom!!
You are lethally poisoned!
You hit the orc warrior.
The orc warrior looks as sick as possible!
The orc warrior is almost dead.
* * * LOW HITPOINT WARNING * * *
You feel extremely sick. The orc warrior misses you.
You barely miss the orc warrior.
The orc warrior is almost dead.
You die...

#+# #.# ##### #.# ...#
#.# #.###.#
########.$##.###########
..!so{os................
##..o####.##.....#######
#. #.####.#.# #.. #.#.#
##.# #.#.# .# #.#'### ..
#.....# #. #.....#
#.##†....#


You could see an orc warrior (extremely poisoned), a scorpion and 2 orcs.

Vanquished Creatures
  Pikel (D:5)
  Sigmund (D:4)
  Eustachio (D:4)
  Duvessa (D:4)
  An ogre (D:5)
  A lemure (D:4)
  A scorpion (D:5)
  Dowan (D:4)
  3 hounds
  Jessica (D:3)
  3 iguanas
  9 adders
  An ufetubus (D:5)
  2 dart slugs (D:3)
  9 orcs
  4 bats
  7 endoplasms
  4 giant cockroaches
  A goblin (D:4)
  5 hobgoblins
  3 jackals (D:1)
  A quokka (D:2)
  8 ball pythons
  6 frilled lizards
  8 kobolds
  5 rats
88 creatures vanquished.

Vanquished Creatures (others)
  5 fungi (D:2)
  3 plants (D:2)
8 creatures vanquished.

Grand Total: 96 creatures vanquished

Notes
Turn   | Place    | Note
-------+----------+-------------------------------------------
     0 | D:1      | buhh the Octopode Transmuter began the quest for the Orb.
     0 | D:1      | Reached XP level 1. HP: 13/13 MP: 3/3
   286 | D:1      | Reached skill level 1 in Stealth
   406 | D:1      | Reached XP level 2. HP: 18/18 MP: 3/5
   770 | D:1      | Reached skill level 1 in Poison Magic
  1184 | D:2      | Reached XP level 3. HP: 16/23 MP: 4/6
  1890 | D:2      | Found a faded altar of an unknown god.
  2536 | D:3      | Reached XP level 4. HP: 15/29 MP: 5/7
  2545 | D:3      | Found an ancient bone altar of Kikubaaqudgha.
  2835 | D:3      | Noticed Jessica
  2839 | D:3      | Killed Jessica
  3277 | D:4      | Reached XP level 5. HP: 33/35 MP: 8/8
  3730 | D:4      | Noticed Ijyb
  4029 | D:4      | Found an opulent altar of Gozag.
  4031 | D:4      | Noticed Sigmund
  4076 | D:4      | Killed Sigmund
  4077 | D:4      | Reached XP level 6. HP: 42/42 MP: 9/9
  4124 | D:4      | Found Gozag's Platinum Reserve.
  4126 | D:4      | Noticed Eustachio
  4201 | D:4      | Killed Eustachio
  4202 | D:4      | Reached XP level 7. HP: 34/48 MP: 10/10
  4344 | D:4      | Noticed Dowan
  4349 | D:4      | Noticed Duvessa
  4369 | D:4      | Killed Duvessa
  4370 | D:4      | Reached skill level 5 in Unarmed Combat
  4382 | D:4      | Killed Dowan
  4887 | D:4      | Learned a level 2 spell: Wereblood
  4891 | D:4      | Learned a level 3 spell: Spider Form
  5241 | D:5      | Entered Level 5 of the Dungeon
  5241 | D:5      | Found a shimmering altar of Xom.
  5551 | D:5      | Reached skill level 5 in Dodging
  5573 | D:5      | Reached XP level 8. HP: 39/54 MP: 7/11
  5596 | D:5      | Noticed Pikel
  5636 | D:5      | Killed Pikel
  5637 | D:5      | Reached skill level 5 in Fighting
  5887 | D:5      | Found a bloodstained altar of Trog.
  6278 | D:6      | Succumbed to an orc warrior's poison

Illustrated notes

Levels and vault maps discovered:
D:1:      nzn_arrival_crosshair, layout_loops_ring
D:2:      layout_loops_ring, dreamdust_ecumenical_altar_hidden_monk_grotto,
          minivault_26
D:3:      layout_rooms, lemuel_tele_altar, uniq_jessica
D:4:      layout_gridville, nicolae_gozag_zags_fifth_avenue, wad_orctagon,
          uniq_ijyb, uniq_duvessa, uniq_sigmund, uniq_eustachio
D:5:      layout_cave_pools, overflow_temple_1_default, trog_book, uniq_pikel
D:6:      layout_basic, nicolae_overflow_hidden_temple,
          minmay_temple_entry_fiery, kennysheep_big_empty_room

Skill      XL: |  1  2  3  4  5  6  7  8 |
---------------+-------------------------+-----
Stealth        | 1 2 |  2.0
Poison Magic   | 1 |  1.0
Fighting       | 2 3 4 5 |  5.9
Dodging        | 3 4 5 6 |  6.2
Unarmed Combat | 4 5 6 |  6.6
Spellcasting   | |  2.0
Transmutations | |  2.0

Action                   |  1- 3 |  4- 6 |  7- 9 || total
-------------------------+-------+-------+-------++-------
Melee: Unarmed           |    75 |    79 |   117 ||   271
       Constrict         |    16 |    22 |    11 ||    49
       Kick              |    22 |    27 |    17 ||    66
       Tentacles         |    10 |    22 |     8 ||    40
       Punch             |     4 |     1 |     5 ||    10
 Cast: Beastly Appendage |    32 |    18 |    20 ||    70
       Spider Form       |       |       |     5 ||     5
       Wereblood         |       |       |     1 ||     1
  Use: Potion            |       |     2 |     2 ||     4
       Scroll            |       |     5 |     2 ||     7
 Stab: Sleeping          |     6 |     5 |     2 ||    13
Armor: Skin              |     2 |    10 |    23 ||    35
Dodge: Dodged            |    47 |    49 |    71 ||   167

Table legend: (Time is in decaauts)
 A = Elapsed time spent in this place.
 B = Non-inter-level travel time spent in this place.
 C = Inter-level travel time spent in this place.
 D = Time resting spent in this place.
 E = Time spent auto-exploring this place.
 F = Levels seen in this place.
 G = Mean time per level.
                   A        B        C        D        E       F      G
               +--------+--------+--------+--------+--------+-----+--------+
         Total |   6255 |   6089 |    166 |    399 |   4736 |   6 | 1042.5 |
       Dungeon |   6255 |   6089 |    166 |    399 |   4736 |   6 | 1042.5 |
               +--------+--------+--------+--------+--------+-----+--------+

Top non-repeatable levels by time:
     D:4: 2234 daAuts
     D:2: 1388 daAuts
     D:1: 974 daAuts
     D:3: 890 daAuts
     D:5: 706 daAuts
     D:6: 62 daAuts
